 Dungeon Crawl Stone Soup version 0.16.0-8-gd9ae3a8 (webtiles) character file.

2087131 Medar the Acrobat (level 27, 222/238 HPs)
             Began as a Merfolk Enchanter on Mar 16, 2015.
             Was an Initiate of Gozag.
             Escaped with the Orb
             ... and 4 runes!
             The game lasted 07:34:07 (86593 turns).

Medar the Acrobat (Merfolk Enchanter)              Turns: 86593, Time: 07:34:07

Health: 222/238    AC: 39    Str: 17    XL:     27
Magic:  42/50      EV: 51    Int: 22    God:    Gozag
Gold:   2703       SH:  9    Dex: 25    Spells: 12 memorised, 3 levels left

rFire  + . .     SeeInvis +     a - +9 quick blade (elec)
rCold  + . .     Clarity  .     w - +10 pearl dragon armour
rNeg   + . .     SustAb   .     d - +3 buckler {rF+}
rPois  .         Gourm    .     n - +2 helmet of Dogma {rC+ Stlth+}
rElec  .         Spirit   .     C - +2 cloak {+Inv}
rCorr  +         Warding  .     D - +0 pair of gloves of Khyps {MR+ rCorr}
rMut   .         Stasis   .     R - +2 pair of boots {run}
MR     +++..                    y - amulet of Vitality {Regen+ HP+15}
Stlth  +++.......               G - ring "Brediod" {MP+9 Int+4 Slay+3 SInv}
                                t - ring of Shaolin {EV+8}

@: mighty, agile, phasing (expiring), very slightly contaminated, regenerating,
hasted (expiring), deflect missiles, very quick, extremely resistant to hostile
enchantments, fairly stealthy
A: change form in water, swift swim
a: Potion Petition, Call Merchant, Bribe Branch, Renounce Religion, Evoke
Invisibility
0: Orb of Zot
}: 4/15 runes: decaying, slimy, silver, gossamer


You escaped.
You worshipped Gozag.
Gozag was noncommittal.
You were full.

You visited 11 branches of the dungeon, and saw 62 of its levels.
You visited the Abyss 1 time.
You visited 1 bazaar.
You also visited: Labyrinth, Sewer and Ice Cave.

You collected 33262 gold pieces.
You spent 17801 gold pieces at shops.
You paid 12758 gold pieces to Gozag.

Inventory:

Hand weapons
 a - a +9 quick blade of electrocution (weapon)
 b - the +4 arc blade {discharge, rElec}
   (You found it on level 2 of the Depths)

   It insulates you from electricity.
Armour
 d - a +3 buckler of fire resistance (worn)
 n - the +2 helmet of Dogma (worn) {rC+ Stlth+}
   (You acquired it on level 3 of the Orcish Mines)

   It protects you from cold.
   It makes you more stealthy.
 w - a +10 pearl dragon armour (worn)
 C - a +2 cloak of invisibility (worn)
 D - the +0 pair of gloves of Khyps (worn) {MR+ rCorr}
   (You bought it in a shop on level 4 of the Depths)

   It affects your resistance to hostile enchantments.
   It protects you from acid and corrosion.
 R - a +2 pair of boots of running (worn)
Jewellery
 q - an uncursed ring of protection from cold
 r - an uncursed ring of protection from fire
 t - the ring of Shaolin (left hand) {EV+8}
   (You bought it in a shop on level 3 of the Vaults)

   [ring of evasion]

   It affects your evasion (+8).
 y - the amulet of Vitality (around neck) {Regen+ HP+15}
   (You bought it in a shop on level 3 of the Vaults)

   [amulet of regeneration]

   It affects your health (+15).
   It increases your rate of regeneration.
 G - the ring "Brediod" (right hand) {MP+9 Int+4 Slay+3 SInv}
   (You found it on level 2 of the Depths)

   [ring of see invisible]

   It affects your intelligence (+4).
   It affects your accuracy and damage with ranged weapons and melee attacks
   (+3).
   It affects your magic capacity (+9).
   It enhances your eyesight.
 L - an uncursed amulet of clarity
 P - the ring "Ahaji" {rPois Str+4 SInv Stlth-}
   (You bought it in a shop in a bazaar)

   [ring of loudness]

   It affects your strength (+4).
   It protects you from poison.
   It enhances your eyesight.
   It makes you less stealthy.
 W - the ring "Shyir" {rElec rPois Str-5 Int+5 Dex+6 Stlth+}
   (You found it on level 5 of the Vaults)

   [ring of intelligence]

   It affects your strength (-5).
   It affects your intelligence (+5).
   It affects your dexterity (+6).
   It insulates you from electricity.
   It protects you from poison.
   It makes you more stealthy.
Magical devices
 i - a wand of disintegration (5)
 l - a wand of fire (7)
 m - a wand of draining (5)
 A - a wand of fireball (5)
 Q - a wand of teleportation (4)
 U - a wand of digging (9)
Scrolls
 f - 22 scrolls of identify {@r2}
 g - 11 scrolls of recharging
 j - 4 scrolls of magic mapping
 o - 5 scrolls of fear
 u - 11 scrolls of fog
 E - 7 scrolls of summoning
 M - a scroll of holy word
 N - 24 scrolls of teleportation
 O - 22 scrolls of remove curse {@r1}
 X - 8 scrolls of blinking
Potions
 e - 21 potions of curing {@q1}
 k - 3 potions of haste
 s - 3 potions of invisibility
 v - 6 potions of flight
 x - 7 potions of restore abilities
 z - 5 potions of ambrosia
 F - 10 potions of resistance
 H - 3 potions of cancellation
 K - 4 potions of magic
 S - 2 potions of agility
 T - 9 potions of brilliance
 Y - 11 potions of heal wounds
Comestibles
 p - 20 fruits
 B - 12 bread rations


   Skills:
 - Level 19.7 Fighting
 - Level 18.7 Short Blades
 - Level 15.5 Armour
 - Level 22.5 Dodging
 + Level 22.3 Stealth
 - Level 4.0 Shields
 - Level 14.0 Spellcasting
   Level 2.5 Conjurations
 - Level 15.9 Hexes
 - Level 16.3 Charms
 - Level 3.1 Necromancy
 - Level 10.6 Translocations
 - Level 6.8 Ice Magic
 - Level 13.0 Air Magic


You had 3 spell levels left.
You knew the following spells:

 Your Spells              Type           Power        Failure   Level  Hunger
d - Gell's Gravitas       Hex/Tloc       ######....   1%          5    ###....
e - Swiftness             Chrm/Air       ######..     1%          2    None
g - Enslavement           Hex            ######..     1%          4    None
h - Mass Confusion        Hex            ######....   2%          6    #####..
i - Invisibility          Hex            ######..     2%          6    #####..
j - Metabolic Englaciati  Hex/Ice        ######....   3%          5    ###....
l - Silence               Hex/Air        ######....   1%          5    ###....
q - Sure Blade            Hex/Chrm       ######....   1%          2    None
r - Deflect Missiles      Chrm/Air       ######....   4%          6    #####..
t - Phase Shift           Tloc           ######....   4%          5    ###....
w - Blink                 Tloc           N/A          1%          2    None
Q - Regeneration          Chrm/Necr      ######....   1%          3    None


Dungeon Overview and Level Annotations

Branches:
Dungeon (15/15)            Temple (1/1) D:5            Lair (8/8) D:9
  Swamp (5/5) Lair:4       Spider (5/5) Lair:4        Slime (6/6) Lair:8
    Orc (4/4) D:9             Elf (3/3) Orc:4        Vaults (5/5) D:13
  Crypt (0/3) Vaults:3     Depths (5/5) D:15            Zot (5/5) Depths:5

Altars:
Ashenzari
Cheibriados
Dithmenos
Elyvilon
Fedhas
Gozag
Kikubaaqudgha
Makhleb
Nemelex Xobeh
Okawaru
Qazlal
Ru
Sif Muna
Trog
Vehumet
Xom
Yredelemnul
Zin
The Shining One
Beogh
Jiyva

Shops:
D:5 [[   D:9 [*   D:10 :   D:12 ?[   D:13 ?   Orc:2 (   Orc:3 ?   Orc:4 ?:!*
Elf:1 (   Vaults:1 **   Vaults:3 =   Depths:3 *   Depths:4 [   Depths:5 [!

Portals:
Hell: Depths:1 Depths:2 Depths:3 Depths:4 Depths:5
Abyss: Depths:4 Depths:5
Pandemonium: Depths:3
Ziggurat: Depths:4

Annotations:
Elf:2 exclusions: deep elf summoner and 3 doors, Roxanne
Elf:3 1 exclusion


Message History

Your pearl dragon armour prevents you from hitting the rust devil.
The rust devil is severely wounded.
You closely miss the rust devil.
The rust devil is severely wounded.
Your kobold throws a stone.
The stone barely misses the rust devil.
The stone shimmers and vanishes!
You puncture the rust devil!!
You kill the rust devil!
You feel closer to the material plane.
Your kobold shimmers and vanishes!
What do you say? t - Shout!
Orders for allies: a - Attack new target. r - Retreat! s - Stop attacking. w - Wait here. f - Follow me.
Anything else - Stay silent.
Follow me!
Your extra speed is starting to run out.
A blue devil comes into view.
You have escaped!

#....(...# #.#.................
..######## ###.....$K...........#
..# #....8..........#.#..# ..#
#.##...##............# ..#
#..##.##......(...#..# ..#
##..#(#............#.# ..#
###..#'#..#...........# ..#
#...##K##......#....... ..#
#..4'⌠@⌠'......#.#.#### ..#
##...##⌠##......#....... ..#
#..#..#'#..#........####
##########.##..#'#..#............
...........#..##.##..#...........
######.....#.##...##.#..#.#......
######...###....8....#..#.##.####
........................#.##.####
######...####....#####.>#........


You could see a blue devil and a friendly kobold.

Vanquished Creatures
  the royal jelly (Slime:6)
  7 orbs of fire
  6 ancient liches
  the Lernaean hydra (Swamp:5)
  3 Killer Klowns
  4 curse toes
  A caustic shrike (Depths:4)
  16 golden dragons
  A bone dragon (Depths:5)
  Arachne (Spider:3)
  2 electric golems (Zot:5)
  Nikola (Swamp:5)
  A hellephant (D:3)
  An Ice Fiend (D:12)
  A Hell Sentinel (D:1)
  21 tentacled monstrosities
  25 Orb Guardians
  7 liches
  3 quicksilver dragons
  18 acid blobs
  7 titans
  4 sphinxes
  A thorn hunter (Swamp:5)
  Rupert (Lair:5)
  Agnes (Elf:1)
  6 tengu reavers
  Kirke (D:15)
  6 shadow dragons
  Frances (Swamp:5)
  2 draconian monks
  11 storm dragons
  A storm dragon (shapeshifter) (Vaults:4)
  9 azure jellies
  10 frost giants
  Donald (D:13)
  12 fire giants
  10 ghost moths
  5 emperor scorpions
  2 balrugs
  Aizul (Swamp:4)
  2 iron dragons
  Louise (D:14)
  14 vault wardens
  3 draconian scorchers
  3 draconian knights
  6 deep elf sorcerers
  10 draconian zealots
  7 spriggan defenders
  15 ironheart preservers
  4 draconian annihilators
  2 draconian callers
  12 very ugly things
  7 grey draconians
  7 draconian shifters
  2 vampire knights
  22 stone giants
  6 black draconians
  4 dire elephants
  2 war gargoyles
  A salamander firebrand (Depths:4)
  4 green draconians
  Azrael (Elf:1)
  7 white draconians
  A spectral titan (Depths:4)
  4 deep elf demonologists
  4 deep elf annihilators
  2 yellow draconians (Zot:1)
  8 red draconians
  6 mottled draconians
  4 purple draconians
  4 pale draconians
  Snorg (Orc:2)
  3 minotaurs
  13 fire dragons
  2 deep elf death magi
  18 yaktaur captains
  9 ettins
  32 vault guards
  11 death cobs
  4 death oozes
  Josephine (D:10)
  17 ice dragons
  2 deep elf high priests
  Fannar (Lair:4)
  7 great orbs of eyes
  A ghost crab (Swamp:4)
  A quicksilver dragon skeleton (Vaults:5)
  7 rakshasas
  31 hydras
  Nessos (D:13)
  16 centaur warriors
  8 spriggan air magi
  2 catoblepae
  2 dancing weapons (Elf:2)
  8 alligators
  28 death yaks
  10 ogre magi
  13 deep troll shamans
  The ghost of asthiss the Basher, an experienced MiBe of Trog (Lair:1)
  A ghost crab (shapeshifter) (Vaults:5)
  4 tengu warriors
  14 deep troll earth magi
  Urug (D:14)
  7 orc high priests
  7 spriggans
  A titan zombie (Vaults:5)
  Nergalle (D:11)
  8 spriggan berserkers
  2 sun demons (Depths:1)
  8 hell knights
  12 deep elf knights
  A soul eater (Depths:3)
  A gelid demonspawn (Depths:3)
  A fire crab (Vaults:2)
  An infernal demonspawn (Depths:3)
  10 skeletal warriors
  4 unseen horrors
  A shadow wraith (Vaults:1)
  2 ice devils
  14 swamp dragons
  41 deep trolls
  2 spectral hydras (Depths:4)
  An iron troll (Depths:3)
  10 flayed ghosts
  8 deep elf summoners
  20 ironbrand convokers
  2 ice statues
  A spriggan druid (Swamp:5)
  A giant orange brain (shapeshifter) (Vaults:4)
  A lindwurm (shapeshifter) (Depths:5)
  A harpy (shapeshifter) (Vaults:3)
  4 wizards
  A tengu zombie (Vaults:5)
  3 giant orange brains
  15 deep elf conjurers
  A golden dragon skeleton (D:15)
  14 hill giants
  7 harpies
  3 shining eyes
  3 manticores
  19 orb spiders
  30 wolf spiders
  2 orc sorcerers
  8 cyclopes
  17 orc knights
  5 necromancers
  An orb spider (shapeshifter) (Vaults:3)
  3 griffons
  41 moths of wrath
  A human zombie (Vaults:5)
  An oklob plant (Lair:6)
  4 phantasmal warriors
  22 ugly things
  12 hornets
  A sixfirhy (D:7)
  A salamander (shapeshifter) (Depths:5)
  19 vault sentinels
  Maurice (D:12)
  A black mamba (shapeshifter) (Vaults:2)
  2 black mambas
  2 rust devils
  Joseph (D:12)
  21 elephants
  A torpor snail (Depths:4)
  2 orange demons
  22 spiny frogs
  3 gargoyles
  4 eyes of devastation
  5 fire drakes
  A komodo dragon (shapeshifter) (Depths:4)
  An emperor scorpion zombie (D:15)
  78 yaktaurs
  9 deep elf priests
  11 demonic crawlers
  2 blue devils
  2 kobold demonologists
  7 komodo dragons
  13 polar bears
  A giant leech (shapeshifter) (Depths:4)
  7 giant leeches
  A merfolk (shapeshifter) (Elf:1)
  2 tengu conjurers
  31 jumping spiders
  12 trolls
  Sonja (Orc:2)
  11 freezing wraiths
  A wind drake (shapeshifter) (Depths:1)
  A polar bear (shapeshifter) (Depths:4)
  A troll (shapeshifter) (Vaults:4)
  126 slime creatures
  Prince Ribbit (Lair:2)
  6 boulder beetles
  2 blink frogs (Lair:2)
  8 ravens
  2 queen bees
  6 baby alligators
  8 bog bodies
  21 two-headed ogres
  2 basilisks
  A vampire (Depths:1)
  An ettin zombie (Vaults:5)
  A fire dragon zombie (D:15)
  2 air elementals (Depths:5)
  6 shadows
  A yak (shapeshifter) (Elf:3)
  73 redbacks
  27 tarantellas
  A human (shapeshifter) (Vaults:4)
  39 yaks
  2 hungry ghosts
  31 trapdoor spiders
  6 fire elementals
  3 wyverns
  A frost giant simulacrum (Vaults:2)
  A redback (shapeshifter) (Vaults:5)
  30 deep elf magi
  4 golden eyes
  Eustachio (D:6)
  14 humans
  11 wraiths
  A hog (shapeshifter) (Elf:1)
  A redback simulacrum (Vaults:3)
  8 hippogriffs
  A chaos spawn (Abyss:1)
  27 deep elf fighters
  2 steam dragons
  4 wandering mushrooms (Lab)
  32 vampire mosquitoes
  30 wolves
  3 hell hounds (Elf:1)
  A hippogriff (shapeshifter) (Vaults:3)
  12 wargs
  13 water moccasins
  18 insubstantial wisps
  30 swamp worms
  A mottled dragon (D:12)
  11 porcupines
  52 spiders
  47 orc warriors
  2 black bears
  10 swamp drakes
  2 phantoms
  10 wasps
  8 boggarts
  2 boring beetles
  28 centaurs
  A human skeleton (Vaults:3)
  41 ogres
  Sigmund (D:3)
  11 ice beasts
  22 giant frogs
  8 eyes of draining
  3 wyvern zombies
  6 big kobolds
  12 crocodiles
  A yaktaur zombie (D:15)
  6 scorpions
  A wyvern skeleton (D:12)
  2 small abominations (Abyss:1)
  35 killer bees
  12 wights
  8 electric eels
  An orc simulacrum (Vaults:1)
  15 crimson imps
  4 human simulacra
  38 orc priests
  9 centaur zombies
  A goliath beetle (D:7)
  23 jellies
  4 centaur skeletons
  18 hounds
  An iron imp (D:12)
  2 giant frog zombies (D:12)
  3 giant frog skeletons
  4 quasits
  6 iguanas
  2 hell rats (Elf:2)
  29 orc wizards
  9 worker ants
  A merfolk avatar (Sewer)
  2 sirens (Sewer)
  17 sheep
  Ijyb (D:5)
  2 mummies
  3 worker ant zombies
  4 gnolls
  82 river rats
  28 adders
  4 giant mites
  15 white imps
  7 shadow imps
  2 ufetubi
  8 worms
  3 adder zombies
  2 adder skeletons (D:4)
  6 giant geckos
  An ooze (D:5)
  203 orcs
  A bat skeleton (D:5)
  6 giant cockroaches
  26 goblins
  17 hobgoblins
  13 jackals
  17 quokkas
  4 ball pythons
  20 bats
  A giant gecko skeleton (D:4)
  A giant gecko zombie (D:7)
  15 giant newts
  2 giant spores
  A jackal skeleton (D:4)
  28 kobolds
  32 rats
  5 ballistomycetes
  4 fungi
  A plant (Lair:3)
3041 creatures vanquished.

Vanquished Creatures (collateral kills)
  A curse toe (Zot:3)
  2 vault guards (Vaults:4)
  A deep troll earth mage (Depths:5)
  A skeletal warrior (D:15)
  2 deathcaps (Zot:3)
  2 yaks (IceCv)
  2 wandering mushrooms (Zot:3)
  5 wolves (IceCv)
  2 ogres (Vaults:4)
  A black bear (Lair:8)
  A kobold (D:1)
20 creatures vanquished.

Vanquished Creatures (others)
  A shadow dragon (Depths:5)
  A deep elf high priest (Depths:4)
  A death cob (Zot:2)
  An ogre mage (Depths:4)
  A storm dragon zombie (Vaults:5)
  A deep elf knight (Elf:1)
  A deep troll (Depths:5)
  A spriggan druid (Swamp:5)
  A black mamba (Lair:8)
  A tengu skeleton (Vaults:5)
  An ugly thing (D:14)
  A centaur zombie (D:15)
  A tengu conjurer (Depths:4)
  A red devil (Vaults:5)
  8 polar bears (IceCv)
  A jumping spider (Spider:2)
  2 two-headed ogres
  A raven (Depths:4)
  A spriggan (Depths:4)
  A yak (IceCv)
  A redback (Spider:5)
  A deep elf mage (Elf:3)
  A tarantella (shapeshifter) (Vaults:1)
  A wraith (Zot:5)
  A deep elf fighter (Elf:1)
  6 humans
  A wolf (IceCv)
  A neqoxec (Orc:4)
  A hippogriff (D:15)
  A deep troll skeleton (Vaults:5)
  A wasp (D:14)
  A spider (Spider:2)
  4 ogres
  A giant frog (D:10)
  2 lost souls
  A killer bee (D:12)
  An orc wizard (D:13)
  11 drowned souls (Sewer)
  9 fungi
  A plant (Lair:4)
75 creatures vanquished.

Grand Total: 3136 creatures vanquished

Notes
Turn   | Place    | Note
--------------------------------------------------------------
     0 | D:1      | Medar, the Merfolk Enchanter, began the quest for the Orb.
     0 | D:1      | Reached XP level 1. HP: 13/13 MP: 3/3
   188 | D:1      | Reached XP level 2. HP: 8/19 MP: 4/4
   380 | D:1      | Learned a level 2 spell: Ensorcelled Hibernation
   823 | D:1      | Reached skill level 1 in Ice Magic
   934 | D:1      | Reached XP level 3. HP: 24/24 MP: 6/6
  1073 | D:1      | Learned a level 2 spell: Sure Blade
  1845 | D:2      | Found a radiant altar of Vehumet.
  1852 | D:2      | Reached XP level 4. HP: 30/30 MP: 7/7
  2531 | D:2      | Reached XP level 5. HP: 35/35 MP: 6/9
  2538 | D:2      | Reached skill level 4 in Stealth
  2593 | D:2      | Learned a level 3 spell: Confuse
  2932 | D:3      | Found a glowing drain.
  2938 | D:3      | Reached skill level 1 in Charms
  2988 | Sewer    | Entered a sewer
  3410 | Sewer    | Reached XP level 6. HP: 39/41 MP: 11/11
  3743 | Sewer    | Noticed a drowned soul
  3744 | Sewer    | Noticed a drowned soul
  3746 | Sewer    | Noticed a drowned soul
  3747 | Sewer    | Killed a drowned soul
  3747 | Sewer    | Killed a drowned soul
  3749 | Sewer    | Noticed a drowned soul
  3750 | Sewer    | Noticed a drowned soul
  3750 | Sewer    | Killed a drowned soul
  3751 | Sewer    | Noticed a drowned soul
  3753 | Sewer    | Noticed a drowned soul
  3754 | Sewer    | Killed a drowned soul
  3755 | Sewer    | Noticed a drowned soul
  3755 | Sewer    | Killed a drowned soul
  3756 | Sewer    | Noticed a drowned soul
  3757 | Sewer    | Killed a drowned soul
  3758 | Sewer    | Noticed a drowned soul
  3758 | Sewer    | Killed a drowned soul
  3759 | Sewer    | Noticed a drowned soul
  3759 | Sewer    | Killed a drowned soul
  3761 | Sewer    | Noticed a drowned soul
  3761 | Sewer    | Killed a drowned soul
  3762 | Sewer    | Noticed a drowned soul
  3762 | Sewer    | Killed a drowned soul
  3763 | Sewer    | Killed a drowned soul
  3764 | Sewer    | Noticed a drowned soul
  3851 | D:3      | Found a stormy altar of Qazlal.
  3891 | D:3      | Noticed Sigmund
  4120 | D:3      | Noticed an ice beast
  4155 | D:3      | Killed an ice beast
  4425 | D:3      | Killed Sigmund
  4425 | D:3      | Reached skill level 5 in Stealth
  4425 | D:3      | Reached XP level 7. HP: 33/46 MP: 8/13
  4471 | D:3      | Learned a level 3 spell: Dazzling Spray
  4622 | D:3      | Found a sacrificial altar of Ru.
  4628 | D:3      | Found an iron altar of Okawaru.
  4857 | D:3      | Found a burning altar of Makhleb.
  5034 | D:4      | Reached skill level 5 in Short Blades
  5034 | D:4      | Reached skill level 5 in Hexes
  5344 | D:5      | Entered Level 5 of the Dungeon
  5396 | D:5      | Reached skill level 6 in Stealth
  5396 | D:5      | Reached XP level 8. HP: 40/52 MP: 12/16
  5927 | D:5      | Reached skill level 1 in Conjurations
  6032 | D:5      | Got a shimmering hunting sling
  6129 | D:5      | Found a white marble altar of Elyvilon.
  6326 | D:5      | Found a staircase to the Ecumenical Temple.
  6331 | Temple   | Entered the Ecumenical Temple
  6397 | Temple   | Became a worshipper of Gozag Ym Sagoz the Greedy
  6456 | D:5      | Identified the +8 hunting sling of Defence {velocity, +Inv} (You found it on level 5 of the Dungeon)
  6623 | D:5      | Found Eklureagg's Armour Emporium.
  6627 | D:5      | Noticed Ijyb
  6632 | D:5      | Killed Ijyb
  6753 | D:5      | Found Blaagh's Armour Shoppe.
  6800 | D:5      | Found a snail-covered altar of Cheibriados.
  6950 | D:6      | Reached skill level 7 in Stealth
  7176 | D:6      | Noticed Eustachio
  7196 | D:6      | Killed Eustachio
  7196 | D:6      | Reached skill level 1 in Fighting
  7196 | D:6      | Reached XP level 9. HP: 42/59 MP: 3/17
  7306 | D:6      | Got a brightly glowing leather armour
  7326 | D:6      | Got a faintly glowing quarterstaff
  8106 | D:7      | Reached skill level 8 in Stealth
  8890 | D:9      | Found a glowing golden altar of the Shining One.
  8947 | D:9      | Found Kazac's General Store.
  8950 | D:9      | Bought a scroll of fear for 42 gold pieces
  8950 | D:9      | Bought a potion of poison for 12 gold pieces
  9332 | D:9      | Reached skill level 5 in Dodging
  9347 | D:9      | Found a staircase to the Lair.
  9909 | D:9      | Reached skill level 9 in Stealth
  9909 | D:9      | Reached XP level 10. HP: 52/71 MP: 19/21
 10077 | D:5      | Bought a +0 buckler of fire resistance for 138 gold pieces
 10223 | D:9      | Reached skill level 1 in Shields
 10229 | D:9      | Bought a potion of beneficial mutation for 420 gold pieces
 10229 | D:9      | Bought a scroll of teleportation for 36 gold pieces
 10229 | D:9      | Gained mutation: You are surrounded by a mild repulsion field (EV +2). [potion of beneficial mutation]
 10515 | D:9      | Found a staircase to the Orcish Mines.
 10515 | D:9      | Found Ecuogu's Armour Shoppe.
 10612 | D:9      | Bought a +1 robe of cold resistance for 203 gold pieces
 10774 | D:9      | Bought a bread ration for 60 gold pieces
 11061 | Orc:1    | Entered Level 1 of the Orcish Mines
 11232 | Orc:2    | Found Clyos' Antique Weapon Shop.
 11236 | Orc:2    | Noticed Sonja
 11377 | D:9      | Reached skill level 5 in Spellcasting
 11484 | Lair:1   | Entered Level 1 of the Lair of Beasts
 11647 | Lair:1   | Noticed asthiss' ghost (experienced MiBe)
 11728 | Lair:1   | Identified the cursed -4 leather armour "Hameofu" {MR+ Slay+5 SInv Stlth+} (You found it on level 6 of the Dungeon)
 11733 | Lair:1   | Identified the +7 quarterstaff of Rorgh {distort, +Blink MP+9 Dex+2 SInv} (You found it on level 6 of the Dungeon)
 11846 | Lair:1   | Reached skill level 10 in Stealth
 12138 | Lair:1   | Reached XP level 11. HP: 77/77 MP: 24/24
 12288 | Lair:1   | Learned a level 4 spell: Enslavement
 12425 | Lair:2   | Reached skill level 10 in Short Blades
 12455 | Lair:2   | Found a labyrinth entrance.
 12458 | Lair:2   | Got a bloodstained ring mail
 12481 | Lab      | Entered a labyrinth
 13066 | Lab      | Noticed a minotaur
 13079 | Lab      | Killed a minotaur
 13161 | Lab      | Learned a level 3 spell: Ozocubu's Armour
 13357 | Lair:2   | Reached skill level 5 in Fighting
 13579 | Lair:2   | Noticed Prince Ribbit
 13585 | Lair:2   | Reached skill level 11 in Stealth
 13589 | Lair:2   | Killed Prince Ribbit
 14178 | Lair:3   | Noticed an ice statue
 15306 | Lair:4   | Found a hole to the Spider Nest.
 15527 | Lair:4   | Reached XP level 12. HP: 89/89 MP: 25/25
 15594 | Lair:4   | Found a staircase to the Swamp.
 15758 | Lair:4   | Noticed a four-headed hydra
 15778 | Lair:4   | Noticed a five-headed hydra
 15794 | Lair:4   | Killed a four-headed hydra
 15794 | Lair:4   | Reached skill level 12 in Stealth
 16168 | Lair:4   | Noticed Fannar
 16176 | Lair:4   | Killed Fannar
 16268 | Lair:4   | Reached skill level 10 in Dodging
 16942 | Lair:5   | Found a frozen archway.
 17070 | IceCv    | Entered an ice cave
 17391 | IceCv    | Reached skill level 13 in Stealth
 17490 | IceCv    | Reached skill level 1 in Armour
 17490 | IceCv    | Reached XP level 13. HP: 83/99 MP: 26/26
 17975 | IceCv    | Noticed a death yak
 18041 | IceCv    | Killed a death yak
 18279 | IceCv    | Noticed a frost giant
 18317 | IceCv    | Killed a frost giant
 18333 | IceCv    | Reached skill level 14 in Stealth
 18490 | IceCv    | Identified the Compendium of the Pink Corner (You found it in an ice cave)
 18513 | IceCv    | Identified the Grimoire of Hurtful Snow (You found it in an ice cave)
 18633 | Lair:5   | Noticed Rupert
 18731 | Lair:2   | Learned a level 5 spell: Silence
 18789 | Lair:3   | Killed an ice statue
 19329 | Lair:5   | Found a staircase to the Shoals.
 19659 | Lair:6   | Reached skill level 1 in Air Magic
 20584 | Lair:7   | Learned a level 2 spell: Swiftness
 21121 | Lair:8   | Entered Level 8 of the Lair of Beasts
 21705 | Lair:8   | Found a staircase to the Slime Pits.
 22088 | Lair:8   | Reached XP level 14. HP: 95/106 MP: 26/29
 22919 | Lair:8   | Noticed a dire elephant
 23287 | Lair:7   | Reached skill level 10 in Hexes
 23463 | Lair:8   | Killed a dire elephant
 23984 | Lair:5   | Killed Rupert
 24018 | Lair:4   | Killed a five-headed hydra
 24739 | Orc:2    | Noticed Snorg
 24744 | Orc:2    | Killed Snorg
 24944 | Orc:2    | Found a bloodstained altar of Trog.
 25257 | Orc:1    | Found a roughly hewn altar of Beogh.
 25554 | Orc:2    | Found a bloodstained altar of Trog.
 25786 | Orc:3    | Found a roughly hewn altar of Beogh.
 26041 | Orc:3    | Found Sohages' Magic Scroll Shop.
 26050 | Orc:3    | Bought a scroll of fog for 30 gold pieces
 26050 | Orc:3    | Bought a scroll of immolation for 52 gold pieces
 26051 | Orc:3    | Bought a scroll of identify for 30 gold pieces
 26271 | Lair:1   | Killed asthiss' ghost
 26517 | Lair:2   | Learned a level 6 spell: Invisibility
 27033 | Orc:4    | Entered Level 4 of the Orcish Mines
 27033 | Orc:4    | Found a burning altar of Makhleb.
 27311 | Orc:4    | Found a staircase to the Elven Halls.
 28454 | Orc:4    | Reached XP level 15. HP: 105/112 MP: 19/31
 28688 | Orc:4    | Found Paac's Distillery.
 28688 | Orc:4    | Found Ciynelalo's General Store.
 28688 | Orc:4    | Found Truek's Book Emporium.
 28689 | Orc:4    | Found Pakaoc's Magic Scroll Emporium.
 28730 | Orc:4    | Bought a scroll of teleportation for 51 gold pieces
 28730 | Orc:4    | Bought a scroll of fog for 34 gold pieces
 28730 | Orc:4    | Bought a scroll of identify for 34 gold pieces
 28730 | Orc:4    | Bought a slice of pizza for 25 gold pieces
 28730 | Orc:4    | Bought a beef jerky for 25 gold pieces
 28732 | Orc:4    | Bought a potion of cancellation for 112 gold pieces
 28732 | Orc:4    | Bought 2 potions of might for 112 gold pieces
 28733 | Orc:4    | Bought a scroll of teleportation for 42 gold pieces
 28733 | Orc:4    | Bought a scroll of identify for 28 gold pieces
 28733 | Orc:4    | Bought a scroll of teleportation for 42 gold pieces
 28733 | Orc:4    | Bought a scroll of teleportation for 42 gold pieces
 28733 | Orc:4    | Bought a scroll of teleportation for 42 gold pieces
 28733 | Orc:4    | Bought a scroll of fear for 49 gold pieces
 28733 | Orc:4    | Bought a scroll of identify for 28 gold pieces
 28936 | Orc:2    | Killed Sonja
 28985 | D:10     | Entered Level 10 of the Dungeon
 29405 | D:10     | Found Ruocuur's Book Shop.
 29428 | D:10     | Bought a book of Hinderance for 280 gold pieces
 30120 | D:10     | Noticed Josephine
 30126 | D:10     | Killed Josephine
 30448 | D:11     | Noticed Nergalle
 30553 | D:11     | Killed Nergalle
 30806 | D:11     | Found Xyteypop's Food Shop.
 30813 | D:11     | Bought a meat ration for 60 gold pieces
 30813 | D:11     | Bought a meat ration for 60 gold pieces
 30813 | D:11     | Bought a bread ration for 60 gold pieces
 30813 | D:11     | Bought a bread ration for 60 gold pieces
 30813 | D:11     | Bought a bread ration for 60 gold pieces
 30813 | D:11     | Bought a bread ration for 60 gold pieces
 30813 | D:11     | Bought a bread ration for 60 gold pieces
 30813 | D:11     | Bought a bread ration for 60 gold pieces
 30813 | D:11     | Bought a slice of pizza for 18 gold pieces
 30813 | D:11     | Bought a slice of pizza for 18 gold pieces
 30813 | D:11     | Bought a meat ration for 60 gold pieces
 30813 | D:11     | Bought a slice of pizza for 18 gold pieces
 30813 | D:11     | Bought a meat ration for 60 gold pieces
 30828 | D:11     | Learned a level 5 spell: Gell's Gravitas
 31292 | D:12     | Found Shyfe's Magic Scroll Boutique.
 31445 | D:12     | Bought a scroll of acquirement for 832 gold pieces
 31445 | D:12     | Bought a scroll of fog for 32 gold pieces
 31445 | D:12     | Bought a scroll of fog for 32 gold pieces
 31445 | D:12     | Bought a scroll of identify for 32 gold pieces
 31445 | D:12     | Bought a scroll of identify for 32 gold pieces
 31445 | D:12     | Bought a scroll of identify for 32 gold pieces
 31452 | D:12     | Bought a scroll of acquirement for 832 gold pieces
 31528 | D:12     | Noticed Maurice
 31537 | D:12     | Killed Maurice
 31863 | D:12     | Found a shadowy altar of Dithmenos.
 31906 | D:12     | Found Duducsoa's Antique Armour Emporium.
 32465 | D:12     | Reached skill level 1 in Translocations
 32472 | D:12     | Noticed Joseph
 32490 | D:12     | Killed Joseph
 32955 | D:13     | Found a gate to the Vaults.
 32955 | D:13     | Found Ypreh's Magic Scroll Emporium.
 32955 | D:13     | Noticed Donald
 33158 | D:13     | Noticed Nessos
 33184 | D:13     | Killed Nessos
 33690 | D:13     | Bought a scroll of fog for 22 gold pieces
 33690 | D:13     | Bought a scroll of identify for 22 gold pieces
 33690 | D:13     | Bought 2 scrolls of summoning for 209 gold pieces
 33690 | D:13     | Bought a scroll of identify for 22 gold pieces
 33690 | D:13     | Bought a scroll of enchant weapon for 82 gold pieces
 34027 | D:13     | Killed Donald
 34466 | D:14     | Noticed Urug
 34483 | D:14     | Killed Urug
 34709 | D:14     | Reached skill level 5 in Armour
 34789 | D:14     | Reached XP level 16. HP: 118/122 MP: 27/32
 34815 | D:14     | Noticed Louise
 34834 | D:14     | Killed Louise
 34945 | D:14     | Reached skill level 10 in Fighting
 36029 | D:15     | Entered Level 15 of the Dungeon
 36029 | D:15     | Noticed Kirke
 36068 | D:15     | Found a staircase to the Depths.
 36662 | D:15     | Got a faintly glowing iron ring
 36664 | D:15     | Identified the ring of Veraediwn {rC+ MP+9 AC+3 Str-4 Dex+4} (You took it off a yaktaur on level 15 of the Dungeon)
 37367 | D:15     | Killed Kirke
 37827 | Swamp:1  | Entered Level 1 of the Swamp
 38353 | Swamp:1  | Reached skill level 5 in Translocations
 38978 | Swamp:2  | Reached XP level 17. HP: 99/130 MP: 33/33
 39469 | Swamp:3  | Found a glowing silver altar of Zin.
 39829 | Swamp:4  | Noticed Aizul
 40543 | D:14     | Learned a level 5 spell: Phase Shift
 40943 | Swamp:4  | Killed Aizul
 41598 | Swamp:5  | Entered Level 5 of the Swamp
 41601 | Swamp:5  | Noticed Frances
 41620 | Swamp:5  | Killed Frances
 41844 | Swamp:5  | Noticed Nikola
 41984 | Swamp:5  | Killed Nikola
 43237 | D:9      | Bought a +2 ring mail of poison resistance for 288 gold pieces
 43285 | D:10     | Bought a manual of Short Blades for 1545 gold pieces
 43393 | Elf:1    | Entered Level 1 of the Elven Halls
 43413 | Elf:1    | Noticed Azrael
 43501 | Elf:1    | Killed Azrael
 43693 | Elf:1    | Found a deep blue altar of Sif Muna.
 43973 | Elf:1    | Noticed Agnes
 43985 | Elf:1    | Killed Agnes
 44177 | Elf:1    | You fall through a shaft!
 44177 | Elf:2    | Found a runed gate.
 44177 | Elf:2    | Found a runed gate.
 44179 | Elf:2    | Found a runed gate.
 44190 | Elf:2    | Reached XP level 18. HP: 141/141 MP: 34/34
 44340 | Elf:1    | Found Ghupaf's Antique Weapon Emporium.
 44500 | Orc:3    | Bought a scroll of enchant weapon for 112 gold pieces
 44509 | Orc:3    | Got a faintly humming helmet
 44520 | Orc:3    | Identified the +2 helmet of Dogma {rC+ Stlth+} (You acquired it on level 3 of the Orcish Mines)
 44698 | Elf:2    | Noticed Roxanne
 44784 | Elf:2    | Found a shimmering altar of Xom.
 45007 | Elf:2    | Reached skill level 15 in Dodging
 45145 | Elf:3    | Entered Level 3 of the Elven Halls
 45286 | Elf:3    | Found a flickering gateway to a bazaar.
 45291 | Bazaar   | Entered a bazaar
 45306 | Bazaar   | Found Zopran's Gadget Emporium.
 45336 | Bazaar   | Found Weoxa's Magic Scroll Emporium.
 45404 | Bazaar   | Found Criachuf's Jewellery Emporium.
 45434 | Bazaar   | Found Stie's Jewellery Boutique.
 45442 | Bazaar   | Bought the ring "Ahaji" {rPois Str+4 SInv Stlth-} for 219 gold pieces
 45442 | Bazaar   | Bought an uncursed amulet of clarity for 140 gold pieces
 45442 | Bazaar   | Bought the ring "Heoluz" {rF+ Str-4 Int+4 Stlth+} for 220 gold pieces
 45715 | Bazaar   | Bought the amulet of the Catamount {Stasis rElec MP+9 Str-3 Int+3} for 283 gold pieces
 45717 | Bazaar   | Bought a +6 ring of strength for 526 gold pieces
 45780 | Bazaar   | Bought a scroll of enchant armour for 135 gold pieces
 45780 | Bazaar   | Bought a scroll of enchant armour for 135 gold pieces
 45780 | Bazaar   | Bought a scroll of fog for 36 gold pieces
 45780 | Bazaar   | Bought a scroll of fog for 36 gold pieces
 45780 | Bazaar   | Bought a scroll of fog for 36 gold pieces
 46373 | Elf:3    | Cast into the Abyss (a deep elf sorcerer)
 46373 | Abyss:1  | Found a corrupted altar of Lugonu.
 46522 | Elf:3    | Escaped the Abyss
 47251 | Spider:1 | Entered Level 1 of the Spider Nest
 47275 | Spider:1 | Reached skill level 15 in Short Blades
 48783 | Spider:3 | Reached skill level 16 in Short Blades
 48877 | Spider:3 | Noticed Arachne
 50057 | Spider:3 | Killed Arachne
 50194 | Spider:3 | Reached XP level 19. HP: 151/151 MP: 17/34
 51485 | Spider:5 | Entered Level 5 of the Spider Nest
 51704 | Spider:5 | Reached skill level 17 in Short Blades
 52585 | Spider:5 | Reached skill level 10 in Armour
 53126 | Spider:5 | Got a gossamer rune of Zot
 53566 | Swamp:5  | Reached skill level 18 in Short Blades
 53660 | Swamp:5  | Noticed the 27-headed Lernaean hydra
 53680 | Swamp:5  | Killed the 27-headed Lernaean hydra
 53894 | Swamp:5  | Got a decaying rune of Zot
 54216 | D:12     | Bought a pearl dragon armour for 3000 gold pieces
 54375 | D:12     | Bought a scroll of enchant armour for 120 gold pieces
 54670 | Vaults:1 | Entered Level 1 of the Vaults
 54802 | Vaults:1 | Reached XP level 20. HP: 156/161 MP: 34/35
 55190 | Vaults:1 | Found Peakysuoj's Assorted Antiques.
 55196 | Vaults:1 | Bought 2 potions of heal wounds for 290 gold pieces
 55246 | Vaults:1 | Found Neopeim's Food Boutique.
 55251 | Vaults:1 | Bought a meat ration for 70 gold pieces
 55251 | Vaults:1 | Bought a beef jerky for 21 gold pieces
 55251 | Vaults:1 | Bought a meat ration for 70 gold pieces
 55251 | Vaults:1 | Bought a beef jerky for 21 gold pieces
 55251 | Vaults:1 | Bought a bread ration for 70 gold pieces
 55251 | Vaults:1 | Bought 4 fruits for 84 gold pieces
 55251 | Vaults:1 | Bought a meat ration for 70 gold pieces
 55529 | Vaults:1 | Got a wavering pewter ring
 55531 | Vaults:1 | Identified the ring "Liuph" {+Blink +Fly MR- Int+4 Dex+4} (You found it on level 1 of the Vaults)
 55574 | Vaults:1 | Reached skill level 10 in Spellcasting
 55986 | Vaults:1 | Found Klasung's General Store.
 57741 | Vaults:3 | Found Pemo Be Sic's Jewellery Emporium.
 57749 | Vaults:3 | Bought the amulet of Vitality {Regen+ HP+15} for 555 gold pieces
 58086 | Vaults:3 | Identified a +0 pair of boots of running (You found it on level 3 of the Vaults)
 58330 | Vaults:3 | Reached XP level 21. HP: 167/167 MP: 32/37
 58522 | Vaults:3 | Found a staircase to the Crypt.
 58522 | Vaults:3 | Found a basalt altar of Yredelemnul.
 58523 | Vaults:3 | Found an ancient bone altar of Kikubaaqudgha.
 60089 | Vaults:4 | Reached skill level 10 in Translocations
 61147 | Depths:1 | Entered Level 1 of the Depths
 61268 | Depths:1 | Reached skill level 15 in Hexes
 61567 | Vaults:2 | Reached XP level 22. HP: 174/174 MP: 38/38
 61689 | Vaults:3 | Bought the ring of Shaolin {EV+8} for 1920 gold pieces
 62026 | D:14     | Learned a level 6 spell: Mass Confusion
 62200 | D:11     | Learned a level 5 spell: Metabolic Englaciation
 62426 | Depths:1 | Found a gateway to Hell.
 62707 | Depths:1 | Found a sparkling altar of Nemelex Xobeh.
 63256 | Depths:2 | Reached skill level 5 in Ice Magic
 63300 | Depths:2 | Reached skill level 5 in Air Magic
 63316 | Depths:2 | Got a clouded ivory ring
 63317 | Depths:2 | Identified the ring "Ciggaug" {-Cast rF+ rC+ Str-2 Int+2 SInv} (You found it on level 2 of the Depths)
 63801 | Depths:2 | Got a vibrating lapis lazuli ring
 63803 | Depths:2 | Identified the ring "Brediod" {MP+9 Int+4 Slay+3 SInv} (You found it on level 2 of the Depths)
 64043 | Depths:2 | Got a dazzling buckler
 64054 | Depths:2 | Identified the +1 buckler of Dishonesty {rN+ Str-4 Dex+5} (You found it on level 2 of the Depths)
 64937 | Depths:3 | Reached skill level 5 in Charms
 65209 | Depths:3 | Reached XP level 23. HP: 176/180 MP: 32/39
 65446 | Depths:3 | Found a one-way gate leading to the halls of Pandemonium.
 66044 | Depths:3 | Bought 3 fruits for 49 gold pieces
 66044 | Depths:3 | Bought a meat ration for 55 gold pieces
 66149 | Depths:4 | Found Umol's Armour Shop.
 66168 | Depths:4 | Bought the +0 pair of gloves of Khyps {MR+ rCorr} for 317 gold pieces
 66184 | Depths:4 | Bought a +2 cloak of invisibility for 301 gold pieces
 66668 | Depths:4 | Found a gateway to a ziggurat.
 66719 | Depths:4 | Found Faoskis' Food Shoppe.
 66741 | Depths:4 | Bought a bread ration for 65 gold pieces
 66741 | Depths:4 | Bought a bread ration for 65 gold pieces
 66741 | Depths:4 | Bought a royal jelly for 26 gold pieces
 66741 | Depths:4 | Bought 3 fruits for 58 gold pieces
 66741 | Depths:4 | Bought a meat ration for 65 gold pieces
 66741 | Depths:4 | Bought a slice of pizza for 19 gold pieces
 66741 | Depths:4 | Bought a beef jerky for 19 gold pieces
 66741 | Depths:4 | Bought a meat ration for 65 gold pieces
 66741 | Depths:4 | Bought a bread ration for 65 gold pieces
 66741 | Depths:4 | Bought a bread ration for 65 gold pieces
 66779 | Depths:4 | Found a one-way gate to the infinite horrors of the Abyss.
 67142 | Depths:4 | Noticed a caustic shrike
 67161 | Depths:4 | Killed a caustic shrike
 67304 | Depths:4 | Reached skill level 10 in Charms
 67682 | Depths:4 | Learned a level 2 spell: Blink
 67691 | Depths:4 | Learned a level 3 spell: Regeneration
 67817 | Depths:4 | Reached skill level 10 in Air Magic
 67826 | Depths:5 | Entered Level 5 of the Depths
 67827 | Depths:5 | Found Faewniaf's Distillery.
 67845 | Depths:5 | Bought a potion of resistance for 200 gold pieces
 67845 | Depths:5 | Bought a potion of agility for 80 gold pieces
 67845 | Depths:5 | Bought a potion of curing for 60 gold pieces
 67845 | Depths:5 | Bought a potion of resistance for 200 gold pieces
 67845 | Depths:5 | Bought 2 potions of cancellation for 320 gold pieces
 67861 | Depths:5 | Reached skill level 1 in Necromancy
 68045 | Depths:5 | Reached XP level 24. HP: 187/187 MP: 41/41
 68752 | Depths:5 | Found a gate to the Realm of Zot.
 69624 | D:13     | Bought a scroll of enchant armour for 82 gold pieces
 69812 | Orc:4    | Bought a scroll of enchant armour for 105 gold pieces
 70192 | Vaults:5 | Entered Level 5 of the Vaults
 70279 | Vaults:4 | Learned a level 6 spell: Deflect Missiles
 70828 | Vaults:5 | Noticed an ancient lich
 71047 | Vaults:4 | Killed an ancient lich
 71047 | Vaults:4 | Reached XP level 25. HP: 187/193 MP: 31/41
 71066 | Vaults:4 | Reached skill level 15 in Fighting
 71987 | Vaults:4 | Reached skill level 15 in Stealth
 72417 | Vaults:5 | Noticed an ancient lich
 72433 | Vaults:5 | Killed an ancient lich
 72949 | Vaults:5 | Got a silver rune of Zot
 73022 | Vaults:5 | Noticed an ancient lich
 73042 | Vaults:5 | Killed an ancient lich
 73608 | Vaults:5 | Got a brightly glowing amber ring
 73617 | Vaults:5 | Identified the ring "Shyir" {rElec rPois Str-5 Int+5 Dex+6 Stlth+} (You found it on level 5 of the Vaults)
 74174 | Zot:1    | Entered Level 1 of the Realm of Zot
 74337 | Zot:1    | Reached skill level 15 in Charms
 74660 | Depths:4 | Reached XP level 26. HP: 204/204 MP: 42/42
 75413 | Zot:1    | Noticed an orb of fire
 75461 | Zot:1    | Killed an orb of fire
 75761 | Zot:2    | Noticed an orb of fire
 75768 | Zot:2    | Gained mutation: You are robust (+10% HP). [an orb of fire]
 75770 | Zot:2    | Lost mutation: You are robust (+10% HP). [an orb of fire]
 75808 | Zot:2    | Killed an orb of fire
 75914 | Zot:2    | Found a stormy altar of Qazlal.
 75918 | Zot:2    | Found an ancient bone altar of Kikubaaqudgha.
 76038 | Zot:2    | Found a glowing golden altar of the Shining One.
 76204 | Zot:2    | Noticed an orb of fire
 76235 | Zot:2    | Gained mutation: You occasionally shout uncontrollably at your foes. [an orb of fire]
 76274 | Zot:2    | Killed an orb of fire
 76815 | Zot:2    | Reached skill level 19 in Dodging
 77972 | Zot:4    | Reached XP level 27. HP: 179/213 MP: 42/42
 78552 | Zot:4    | Reached skill level 20 in Dodging
 79025 | Zot:4    | Identified a +4 rod of the swarm (10/10) (You found it on level 4 of the Realm of Zot)
 80102 | Zot:5    | Entered Level 5 of the Realm of Zot
 80267 | Zot:5    | Noticed an orb of fire
 80360 | Zot:5    | Gained mutation: Your spells are a little easier to cast, but a little less powerful. [an orb of fire]
 80361 | Zot:5    | Killed an orb of fire
 81012 | Orc:4    | Bought 2 potions of magic for 224 gold pieces
 81012 | Orc:4    | Bought a potion of cure mutation for 490 gold pieces
 81321 | Slime:1  | Entered Level 1 of the Pits of Slime
 82102 | Slime:4  | Gained mutation: You are clumsy. (Dex -2) [a shining eye]
 82123 | Slime:4  | Gained mutation: You expend magic power (3 MP) to slightly strengthen your wands. [a shining eye]
 82285 | Slime:5  | Reached skill level 21 in Dodging
 82438 | Slime:6  | Entered Level 6 of the Pits of Slime
 82943 | Slime:6  | Found a viscous altar of Jiyva.
 82947 | Slime:6  | Noticed the royal jelly
 82955 | Slime:6  | Killed the royal jelly
 82990 | Slime:6  | Got a slimy rune of Zot
 83009 | Slime:6  | Identified The Intricacies of the Arcane Arts (You found it on level 6 of the Pits of Slime)
 84705 | Zot:5    | Noticed an ancient lich
 84749 | Zot:5    | Reached skill level 15 in Armour
 84811 | Zot:5    | Noticed an ancient lich
 84817 | Zot:5    | Noticed an orb of fire
 84841 | Zot:5    | Killed an ancient lich
 84864 | Zot:5    | Killed an ancient lich
 84879 | Zot:5    | Reached skill level 22 in Dodging
 84898 | Zot:5    | Gained mutation: You are dopey. (Int -2) [an orb of fire]
 84912 | Zot:5    | Killed an orb of fire
 85040 | Zot:5    | Noticed an orb of fire
 85053 | Zot:5    | Gained mutation: Scrolls take you a little longer to read. [an orb of fire]
 85072 | Zot:5    | Killed an orb of fire
 85142 | Zot:5    | Lost mutation: You expend magic power (3 MP) to slightly strengthen your wands. [potion of cure mutation]
 85142 | Zot:5    | Lost mutation: Your spells are a little easier to cast, but a little less powerful. [potion of cure mutation]
 85142 | Zot:5    | Lost mutation: You are dopey. (Int -2) [potion of cure mutation]
 85142 | Zot:5    | Lost mutation: You are surrounded by a mild repulsion field (EV +2). [potion of cure mutation]
 85142 | Zot:5    | Lost mutation: You occasionally shout uncontrollably at your foes. [potion of cure mutation]
 85188 | Zot:5    | Noticed an ancient lich
 85190 | Zot:5    | Noticed an orb of fire
 85216 | Zot:5    | Killed an ancient lich
 85238 | Zot:5    | Gained mutation: Your magical capacity is low (-10% MP). [an orb of fire]
 85241 | Zot:5    | Gained mutation: You are weak. (Str -2) [an orb of fire]
 85252 | Zot:5    | Gained mutation: You are very weak. (Str -4) [an orb of fire]
 85266 | Zot:5    | Killed an orb of fire
 85287 | Zot:5    | Lost mutation: Scrolls take you a little longer to read. [potion of cure mutation]
 85287 | Zot:5    | Lost mutation: You are clumsy. (Dex -2) [potion of cure mutation]
 85287 | Zot:5    | Lost mutation: You are very weak. (Str -4) [potion of cure mutation]
 85287 | Zot:5    | Lost mutation: You are weak. (Str -2) [potion of cure mutation]
 85287 | Zot:5    | Lost mutation: Your magical capacity is low (-10% MP). [potion of cure mutation]
 85571 | Zot:5    | Got the Orb of Zot
 85633 | Zot:5    | Noticed an orb of fire
 86208 | D:10     | Noticed a seraph
 86593 | D:$      | Escaped with the Orb!

Action                   |  1- 3 |  4- 6 |  7- 9 | 10-12 | 13-15 | 16-18 | 19-21 | 22-24 | 25-27 || total
-------------------------+-------+-------+-------+-------+-------+-------+-------+-------+-------++-------
Melee: Dagger            |    81 |   186 |   161 |   166 |   513 |       |       |       |       ||  1107
       Short sword       |       |       |   186 |       |       |       |       |       |       ||   186
       Staff             |       |       |    88 |       |       |       |       |       |       ||    88
       Rapier            |       |       |    59 |   741 |  1523 |       |       |       |       ||  2323
       Quick blade       |       |       |       |       |   458 |  2151 |  2152 |  1876 |  2851 ||  9488
 Cast: Ensorcelled Hiber |    18 |    44 |    72 |    87 |    47 |       |       |       |       ||   268
       Sure Blade        |     2 |     5 |    10 |    13 |    62 |    36 |     7 |    15 |    23 ||   173
       Corona            |       |     5 |       |       |       |       |       |       |       ||     5
       Dazzling Spray    |       |       |     2 |    20 |    37 |       |       |       |       ||    59
       Confuse           |       |       |    11 |    12 |    92 |    10 |       |       |       ||   125
       Ozocubu's Armour  |       |       |       |     9 |    59 |    42 |     6 |       |       ||   116
       Enslavement       |       |       |       |     3 |    31 |     5 |     6 |       |       ||    45
       Invisibility      |       |       |       |       |     3 |     7 |     6 |     4 |    11 ||    31
       Swiftness         |       |       |       |       |     1 |       |       |       |       ||     1
       Gell's Gravitas   |       |       |       |       |     1 |     4 |     2 |     2 |       ||     9
       Phase Shift       |       |       |       |       |       |    21 |     8 |    22 |    32 ||    83
       Silence           |       |       |       |       |       |     1 |       |     3 |     6 ||    10
       Mass Confusion    |       |       |       |       |       |       |       |    23 |    12 ||    35
       Metabolic Englaci |       |       |       |       |       |       |       |    12 |     5 ||    17
       Regeneration      |       |       |       |       |       |       |       |     7 |    10 ||    17
       Deflect Missiles  |       |       |       |       |       |       |       |     3 |     4 ||     7
       Blink             |       |       |       |       |       |       |       |       |     2 ||     2
Invok: Potion Petition   |       |       |       |     3 |     1 |       |       |       |       ||     4
       Call Merchant     |       |       |       |       |     4 |       |       |     4 |       ||     8
       Bribe Branch      |       |       |       |       |       |       |       |       |     1 ||     1
Evoke: Wand              |       |     3 |     5 |     8 |    10 |     8 |     3 |       |     3 ||    40
       Phantom mirror    |       |       |       |       |     1 |       |       |       |     2 ||     3
  Use: Scroll            |       |     5 |    19 |     8 |    23 |    17 |    14 |     9 |    17 ||   112
       Potion            |       |       |     4 |     2 |     8 |     4 |     2 |     4 |    24 ||    48
 Stab: Sleeping          |    12 |    29 |    56 |    64 |    96 |    45 |    42 |    20 |    43 ||   407
       Confused          |       |       |     6 |     3 |    43 |     8 |       |    28 |    16 ||   104
       Distracted        |       |       |     3 |     7 |    26 |    14 |    12 |    12 |    12 ||    86
       Invisible         |       |       |       |     8 |    40 |    27 |    36 |    24 |    75 ||   210
       Betrayed ally     |       |       |       |       |     1 |       |       |       |       ||     1
       Petrified         |       |       |       |       |     2 |       |       |       |       ||     2
  Eat: Chunk             |     4 |    11 |     9 |       |       |       |       |       |       ||    24
       Meat ration       |       |       |     2 |     4 |     4 |     9 |     5 |     5 |     4 ||    33
       Bread ration      |       |       |     2 |       |     7 |     4 |     4 |     1 |     7 ||    25
       Pizza             |       |       |     1 |     2 |     4 |     1 |     3 |     2 |     1 ||    14
       Fruit             |       |       |     1 |    11 |     6 |       |       |     6 |    19 ||    43
       Beef jerky        |       |       |       |     2 |     2 |     1 |     4 |     1 |     2 ||    12
       Royal jelly       |       |       |       |     1 |       |     2 |       |     2 |     4 ||     9
